Map: [ESL] Altitude

Players

Serral - Winner!

  • Race: Zerg Zerg
  • Spawn Location: 7:00

Mixu

  • Race: Zerg Zerg
  • League: Grandmaster
  • Spawn Location: 1:00

Event: HomeStory Cup XXIII

VOD

Have the link to the VOD?

Description

Time

  • Played on: July 1, 2023, 11:13 a.m.
  • Length: 6:50

All games in this series

Show
View Real Time Build Order
Export as new Build Order

Serral Zerg - Winner!

Build Orders: Hatch First 

Get SALT Encoding   

  12  0:00  Drone  
  13  0:12  Overlord  
  13  0:17  Drone  
  14  0:30  Drone  
  14  0:31  Drone  
  16  0:49  Hatchery  
  15  0:52  Drone  
  15  0:56  Drone  
  17  0:59  Drone  
  18  1:09  Extractor  
  17  1:14  Spawning Pool  
  17  1:18  Drone  
  17  1:21  Drone  
  18  1:27  Drone  
  19  1:38  Drone  
  20  1:49  Drone  
  21  2:01  Queen x2  
  21  2:02  Zergling x2  
  21  2:03  Overlord  
  26  2:09  Metabolic Boost  
  26  2:10  Drone  
  26  2:13  Drone  
  28  2:24  Zergling x2  
  28  2:25  Drone  
  30  2:36  Hatchery  
  29  2:38  Drone  
  29  2:41  Drone  
  31  2:47  Drone  
  31  2:50  Baneling Nest  
  31  2:55  Overlord  
  31  2:58  Drone  
  31  2:59  Drone  
  33  3:11  Drone, Zergling x2  
  33  3:12  Zergling x2  
  35  3:14  Zergling x2  
  35  3:15  Zergling x4  
  35  3:18  Zergling x4  
  40  3:24  Drone, Overlord  
  41  3:32  Zergling x4  
  43  3:35  Baneling  
  43  3:39  Queen  
  43  3:40  Extractor  
  45  3:46  Baneling x2  
  46  3:48  Drone x5  
  46  3:53  Drone x2  
  52  3:57  Zergling x2  
  52  4:00  Drone x2  
  52  4:02  Drone  
  55  4:03  Drone  
  55  4:08  Drone  
  55  4:09  Drone  
  57  4:19  Overlord  
  57  4:21  Extractor, Drone  
  57  4:22  Roach Warren  
  57  4:23  Baneling x2  
  56  4:24  Drone  
  56  4:28  Drone  
  57  4:34  Drone  
  57  4:37  Drone  
  56  4:39  Drone  
  56  4:40  Drone x3  
  56  4:45  Extractor, Zergling x4  
  60  4:46  Evolution Chamber  
  60  4:48  Baneling x2  
  60  4:49  Zergling x6  
  62  4:54  Zergling x4  
  62  4:56  Overlord  
  64  5:05  Overlord  
  64  5:07  Baneling  
  64  5:08  Baneling  
  64  5:11  Drone x2  
  64  5:13  Lair  
  66  5:17  Drone x3  
  66  5:19  Drone, Zergling x4  
  66  5:20  Drone x2  
  74  5:21  Overlord  
  74  5:23  Overlord  
  74  5:25  Overlord  
  74  5:29  Overlord  
  74  5:32  Overlord  
  74  5:33  Drone  
  74  5:35  Drone  
  76  5:39  Drone  
  76  5:41  Overlord  
  76  5:42  Overlord  
  76  5:47  Overlord  
  76  5:49  Roach x3  
  78  5:54  Roach x2  
  81  5:57  Extractor x2  
  81  5:58  Roach  
  81  5:59  Drone x2  
  81  6:00  Extractor  
  81  6:02  Drone x2  
  81  6:03  Drone  
  85  6:07  Drone  
  85  6:10  Drone  
  85  6:11  Drone, Baneling x2  
  88  6:12  Drone  
  88  6:13  Overseer  
  89  6:20  Drone x2  
  89  6:22  Overlord  
  90  6:28  Drone  
  91  6:39  Hatchery  
Show
View Real Time Build Order
Export as new Build Order

Mixu Zerg 

Build Orders: Hatch First 

Get SALT Encoding   

  12  0:00  Drone  
  13  0:11  Overlord  
  13  0:17  Drone  
  14  0:30  Drone x2  
  16  0:48  Hatchery  
  15  0:52  Drone  
  15  0:55  Drone  
  17  0:58  Drone  
  18  1:11  Extractor  
  17  1:14  Spawning Pool  
  17  1:18  Drone  
  17  1:21  Drone  
  18  1:28  Drone  
  19  1:38  Drone  
  20  1:49  Drone  
  21  2:01  Queen x2  
  21  2:02  Overlord, Zergling x2  
  26  2:11  Drone x2  
  26  2:14  Metabolic Boost  
  28  2:21  Drone  
  28  2:22  Drone  
  30  2:31  Zergling x2  
  31  2:39  Hatchery  
  31  2:41  Drone  
  32  2:44  Drone  
  32  2:49  Baneling Nest  
  31  2:54  Overlord  
  31  3:00  Drone x2  
  33  3:10  Drone x3  
  35  3:17  Overlord, Zergling x2  
  35  3:18  Zergling x4  
  38  3:20  Zergling x2  
  38  3:22  Drone  
  40  3:27  Drone, Evolution Chamber  
  40  3:30  Drone  
  41  3:37  Zergling x2  
  41  3:39  Baneling x3  
  42  3:44  Queen  
  42  3:45  Overlord  
  44  3:49  Drone x2  
  44  3:50  Drone  
  44  3:54  Zergling x2  
  48  3:58  Drone  
  48  4:00  Overlord  
  48  4:03  Drone  
  48  4:05  Drone x2  
  48  4:07  Zerg Missile Weapons Level 1  
  51  4:14  Zergling x6  
  50  4:19  Zergling x4  
  46  4:35  Overlord  
  42  4:43  Drone  
  42  4:45  Drone  
  43  4:48  Drone  
  43  4:51  Zergling x2  
  45  4:54  Drone  
  45  4:56  Drone  
  45  4:59  Overlord  
  49  5:07  Drone x2  
  49  5:10  Baneling  
  49  5:12  Zergling x2  
  49  5:13  Drone x4  
  49  5:14  Drone  
  55  5:18  Baneling x2  
  55  5:20  Zergling x2  
  56  5:22  Roach Warren  
  56  5:24  Zergling x4  
  57  5:28  Zergling x4  
  57  5:30  Extractor  
  57  5:33  Baneling x2  
  57  5:37  Zergling x8  
  54  5:43  Drone x3  
  56  5:52  Drone x5  
  60  5:58  Drone x3  
  60  6:02  Drone x3  
  66  6:13  Extractor, Drone x3  
  65  6:19  Overlord  
  65  6:20  Roach  
  65  6:21  Extractor  
  66  6:25  Spine Crawler  
  66  6:26  Roach  
  66  6:29  Roach x2  
Tags
 
Add a new tag
Caveats
  • Supply blocks, unpowered buildings, or Contaminate may cause inaccurate times.
  • Supply counts are checked every 10 seconds.